 Dungeon Crawl Stone Soup version 0.28.0-47-ge53b351184 (webtiles) character file.

Game seed: 10262211679085717012

5790 H0rd4k the Thaumaturge (level 10, -11/52 HPs)
             Began as a Deep Elf Hedge Wizard on May 10, 2022.
             Was an Initiate of Gozag.
             Killed by an exploding fulminant prism (26 damage)
             ... on level 9 of the Dungeon.
             The game lasted 00:22:59 (13282 turns).

H0rd4k the Thaumaturge (Deep Elf Hedge Wizard)     Turns: 13282, Time: 00:23:00

Health: -11/52     AC:  5    Str:  7    XL:     10   Next: 50%
Magic:  18/28      EV: 14    Int: 24    God:    Gozag
Gold:   1049       SH:  0    Dex: 14    Spells: 12/34 levels left

rFire   + + .      SeeInvis .   I - staff of fire
rCold   . . .      Faith    .   (no shield)
rNeg    . . .      Spirit   .   h - +3 robe "Hodet" {rF+}
rPois   .          Reflect  .   c - +0 hat
rElec   .          Harm     .   (no cloak)
rCorr   .          Rampage  .   (no gloves)
Will    +....                   (no boots)
Stlth   ++........              i - amulet of regeneration
HPRegen 0.97/turn               f - ring of wizardry
MPRegen 0.21/turn               (no ring)

@: gold aura
A: no striking features
a: Renounce Religion, Potion Petition, Call Merchant, Bribe Branch


You were on level 9 of the Dungeon.
You worshipped Gozag.
Gozag was most pleased with you.
You visited 2 branches of the dungeon, and saw 10 of its levels.
You also visited: Ossuary.

You collected 1143 gold pieces.
You paid 94 gold pieces to Gozag.

Inventory:

Hand Weapons
 k - a +2 dagger of venom
Armour
 c - a +0 hat (worn)
 h - the +3 robe "Hodet" (worn) {rF+}
   (You found it on level 2 of the Dungeon)

   rF:        It protects you from fire.
 F - a scarf of shadows
Magical Staves
 x - a staff of death
 I - a staff of fire (weapon)
Jewellery
 f - a ring of wizardry (left hand)
 i - an amulet of regeneration (around neck)
 w - a ring of flight
Wands
 m - a wand of iceblast (6)
 r - a wand of mindburst (15)
Scrolls
 a - 3 scrolls of enchant armour {unknown}
 b - a scroll of holy word {unknown}
 e - 3 scrolls of teleportation {unknown}
 g - 2 scrolls of blinking {unknown}
 j - 2 scrolls of identify
 l - 2 scrolls of brand weapon {unknown}
 n - 2 scrolls of magic mapping {unknown}
 p - 2 scrolls of vulnerability {unknown}
 q - a scroll of immolation {unknown}
 y - a scroll of noise {unknown}
 B - a scroll of silence {unknown}
 E - a scroll of fear {unknown}
 G - a scroll of fog {unknown}
Potions
 d - a potion of heal wounds
 o - a potion of resistance
 s - 6 potions of attraction
 t - 2 potions of curing
 u - a potion of degeneration {unknown}
 v - 3 potions of invisibility
 z - 4 potions of haste
 A - a potion of might
 C - 2 potions of lignification {unknown}
 D - a potion of cancellation {unknown}
 H - a potion of mutation {unknown}


   Skills:
 + Level 1.4 Fighting
 + Level 5.2 Dodging
 - Level 2.4 Stealth
 + Level 12.5 Spellcasting
 + Level 9.3 Conjurations
 + Level 5.8 Hexes
 + Level 1.1 Summonings
 + Level 6.5 Translocations
 + Level 2.4 Fire Magic
 + Level 1.7 Air Magic
 + Level 2.1 Poison Magic
 + Level 2.0 Evocations


You had 12 spell levels left.
You knew the following spells:

 Your Spells              Type           Power      Damage    Failure   Level
a - Magic Dart            Conj           100%       1d8       1%          1
b - Blink                 Tloc           92%        N/A       1%          2
c - Conjure Flame         Conj/Fire      60%        6-21      1%          3
d - Mephitic Cloud        Conj/Pois/Air  36%        N/A       1%          3
e - Gell's Gravitas       Tloc           46%        N/A       1%          3
f - Fulminant Prism       Conj/Hex       25%        3d14      1%          4
g - Teleport Other        Tloc           46%        N/A       1%          3
h - Tukima's Dance        Hex            43%        N/A       1%          3

Your spell library contained the following spells:

 Spells                   Type           Power      Damage    Failure   Level
 Slow                     Hex            100%       N/A       1%          1
 Call Imp                 Summ           20%        N/A       1%          2
 Ensorcelled Hibernation  Hex/Ice        58%        N/A       1%          2
 Searing Ray              Conj           100%       2d8       1%          2
 Lesser Beckoning         Tloc           46%        N/A       1%          3
 Passwall                 Tmut/Erth      12%        N/A       2%          2
 Swiftness                Air            23%        N/A       2%          3
 Anguish                  Hex/Necr       14%        N/A       4%          4
 Enfeeble                 Hex            21%        N/A       75%         7


Dungeon Overview and Level Annotations

Branches:
Dungeon (9/15)             Temple (1/1) D:6         Ossuary (visited)
   Lair: D:8-11         Orc: D:9-12

Altars:
Ashenzari
Cheibriados
Dithmenos
Elyvilon
Fedhas
Gozag
Hepliaklqana
Kikubaaqudgha
Makhleb
Nemelex Xobeh
Okawaru
Qazlal
Ru
Sif Muna
Trog
Uskayaw
Vehumet
Wu Jian
Xom
Yredelemnul
Zin
The Shining One
Beogh

Shops:
D:6 *

Annotations:
D:1 exclusion: downstairs
D:3 2 transporters, crabbadon's ghost, amateur DsAK
D:5 3 runed translucent doors, exclusion: 3 doors, 101zpm's ghost, novice DjFE
D:8 2 runed translucent doors, exclusions: 2 doors and downstairs, Kenran's ghost, novice TrGl


Message History

Confirm with . or Enter, or press ? or * to list all spells.
Aiming: Mephitic Cloud (safe; 1% risk of failure)
Press: ? - help, Shift-Dir - straight line, f - yak
Aim: a yak (chance to affect: 67%)
The ball explodes into a vile cloud!
The stinking cloud engulfs the yak but does no damage. x2
The yak is engulfed in noxious fumes. x2; The yak appears confused.
A yak comes into view.
The magic dart hits the yak.
The yak is lightly wounded.
The yak bellows!
The yak is engulfed in blazing flames.
The yak gores you!
The yak is engulfed in noxious fumes.
The yak appears confused.
The magic dart hits the yak.
The yak is heavily wounded.
The yak is engulfed in blazing flames.
The yak gores you!
The yak is engulfed in noxious fumes.
The yak appears confused.
Casting: Magic Dart (safe; 1% risk of failure)
Confirm with . or Enter, or press ? or * to list all spells.
Aiming: Fulminant Prism (dangerous; 1% risk of failure)
Press: ? - help, Dir - move target, p - yak You conjure a prism of explosive energy!
A fulminant prism comes into view.
The yak is engulfed in blazing flames.
The yak gores you!
* * * LOW HITPOINT WARNING * * *
The yak is engulfed in blazing flames.
You kill the yak!
Your fulminant prism crackles loudly.
Unknown command.
The yak is engulfed in noxious fumes.
The yak appears confused.
The yak gores your fulminant prism. x2
Your fulminant prism explodes!
The blast of energy engulfs the yak!!
The yak is almost dead.
The blast of energy engulfs the yak!!
The yak is almost dead.
The blast of energy engulfs you!!
Ouch! That really hurt!
You die...
Your body crumbles into a pile of gold.

#.# ... #.# #.#
#.# #.# #
#.#.###Y# .#
.....Y.ยง###..#
#.#.####@....#
#.(.....#
##.#.#####
##....#
##.#.#.###
+.........
#..#.#.###
#.#...##
#.##.##


You could see 2 yaks.

Vanquished Creatures
  Pikel (D:9)
  Maggie (D:6)
  A hornet (D:7)
  Sigmund (D:2)
  A yak (D:9)
  3 wyverns
  A wraith (D:9)
  2 ice beasts (D:5)
  An orc warrior (D:9)
  2 sky beasts
  2 hornet zombies
  A black bear (D:6)
  3 ogres
  2 necrophages
  3 centaurs
  4 lemures
  A phantom (D:6)
  A kobold brigand (D:6)
  A wyvern zombie (Ossuary)
  A scorpion (D:6)
  4 bullfrogs
  A water moccasin zombie (Ossuary)
  5 killer bees (D:8)
  8 wights
  2 howler monkeys
  7 bullfrog zombies
  5 centaur zombies
  2 jellies
  A centaur skeleton (D:5)
  6 orc priests
  2 hounds (D:5)
  12 mummies (Ossuary)
  2 iguanas
  An orc wizard (D:4)
  3 killer bee zombies
  A hound skeleton (D:2)
  2 howler monkey zombies
  Robin (D:2)
  A howler monkey skeleton (D:6)
  8 adders
  A white imp (D:7)
  2 adder skeletons (D:4)
  2 worms
  3 dart slugs
  28 orcs
  9 endoplasms
  2 giant cockroaches
  12 goblins
  11 hobgoblins
  2 quokkas
  7 ball pythons
  10 bats
  A frilled lizard (D:2)
  11 kobolds
  6 rats
214 creatures vanquished.

Vanquished Creatures (others)
  22 fulminant prisms
  2 plants (D:6)
  10 withered plants (Ossuary)
34 creatures vanquished.

Grand Total: 248 creatures vanquished

Notes
Turn   | Place    | Note
-------+----------+-------------------------------------------
     0 | D:1      | H0rd4k the Deep Elf Hedge Wizard began the quest for the
                  | Orb.
     0 | D:1      | Reached XP level 1. HP: 10/10 MP: 7/7
   428 | D:1      | Found a faded altar of an unknown god.
   443 | D:1      | Reached skill level 5 in Spellcasting
   443 | D:1      | Reached XP level 2. HP: 15/15 MP: 6/10
  1034 | D:1      | Reached XP level 3. HP: 19/19 MP: 3/12
  1038 | D:1      | Learned a level 2 spell: Blink
  1042 | D:1      | Learned a level 3 spell: Conjure Flame
  1046 | D:1      | Learned a level 3 spell: Mephitic Cloud
  1050 | D:1      | Learned a level 3 spell: Gell's Gravitas
  1633 | D:2      | Identified the +3 robe "Hodet" {rF+}
  1858 | D:2      | Reached XP level 4. HP: 24/24 MP: 5/13
  2057 | D:2      | Noticed Robin
  2065 | D:2      | Noticed Sigmund
  2068 | D:2      | Killed Robin
  2197 | D:2      | Reached skill level 1 in Fire Magic
  2250 | D:2      | Reached skill level 1 in Poison Magic
  2262 | D:2      | Reached skill level 1 in Air Magic
  2477 | D:2      | Reached skill level 6 in Spellcasting
  2919 | D:3      | Found a transporter.
  2919 | D:3      | Noticed crabbadon's ghost (amateur DsAK)
  3034 | D:3      | Found a transporter.
  3544 | D:4      | Reached XP level 5. HP: 28/28 MP: 10/15
  4074 | D:4      | Noticed an ogre
  4514 | D:4      | Killed an ogre
  4515 | D:4      | Reached skill level 7 in Spellcasting
  4515 | D:4      | Reached XP level 6. HP: 32/32 MP: 2/18
  4978 | D:2      | Killed Sigmund
  5299 | D:5      | Entered Level 5 of the Dungeon
  5412 | D:5      | Reached XP level 7. HP: 36/36 MP: 12/20
  5519 | D:5      | Noticed a yak
  5523 | D:5      | Noticed 101zpm's ghost (novice DjFE)
  5535 | D:5      | Found a runed translucent gate.
  5535 | D:5      | Found a runed translucent gate.
  5537 | D:5      | Found a runed translucent gate.
  5796 | D:5      | Reached skill level 8 in Spellcasting
  6284 | D:5      | Reached skill level 5 in Conjurations
  6365 | D:5      | Reached XP level 8. HP: 31/41 MP: 15/22
  6370 | D:5      | Learned a level 4 spell: Fulminant Prism
  6528 | D:5      | Learned a level 3 spell: Teleport Other
  6671 | D:6      | Reached skill level 9 in Spellcasting
  6874 | D:6      | Reached skill level 1 in Hexes
  6902 | D:6      | Found Uchineow's Assorted Antiques.
  7267 | D:6      | Noticed Maggie
  7278 | D:6      | Killed Maggie
  7279 | D:6      | Reached skill level 5 in Translocations
  7547 | D:6      | Reached skill level 10 in Spellcasting
  7712 | D:6      | Found a staircase to the Ecumenical Temple.
  7834 | Temple   | Entered the Ecumenical Temple
  8088 | Temple   | Became a worshipper of Gozag Ym Sagoz the Greedy
  8474 | D:7      | Found a shimmering altar of Xom.
  8575 | D:7      | Reached XP level 9. HP: 16/43 MP: 17/25
  8766 | D:7      | Found a sand-covered staircase.
  8779 | Ossuary  | Entered an ossuary
  8983 | Ossuary  | Reached skill level 11 in Spellcasting
  8983 | Ossuary  | Reached skill level 1 in Evocations
  9365 | Ossuary  | Reached skill level 5 in Hexes
  9997 | D:7      | Reached skill level 1 in Fighting
 10785 | D:9      | Noticed Pikel
 10875 | D:8      | Reached XP level 10. HP: 48/52 MP: 20/27
 10884 | D:8      | Reached skill level 5 in Dodging
 11929 | D:8      | Found a large runed translucent door.
 11929 | D:8      | Found a large runed translucent door.
 11932 | D:8      | Noticed Kenran's ghost (novice TrGl)
 12211 | D:8      | Learned a level 3 spell: Tukima's Dance
 12635 | D:9      | Killed Pikel
 12636 | D:9      | Reached skill level 12 in Spellcasting
 13282 | D:9      | Killed by an exploding fulminant prism

Illustrated notes

Levels and vault maps discovered:
D:1:      wander_arrival_chamber, layout_basic, shapermc_ecumenical_altar_venn,
          dk_noncrumbling_3, st_stairs_12, minmay_small_reverse_x
D:2:      minmay_alternating_diamond, layout_basic, uniq_sigmund, uniq_robin
D:3:      layout_loops_ring, gammafunk_ghost_mausoleum,
          chequers_serial_rivers_micro_d
D:4:      layout_layer_cave, chequers_serial_rivers_small_a,
          hangedman_decor_growths
D:5:      layout_loops_ring, gammafunk_ghost_split
D:6:      layout_basic, temple_hall, serial_shops,
          nicolae_shop_overgrown_old_shop, uniq_maggie
D:7:      layout_cave_pools, amcnicky_altar_gilded, enter_ossuary_1
D:8:      layout_basic, special_room [special_room_orc],
          ebering_ghost_disaster_area
D:9:      layout_loops_ring, serial_shops, kennysheep_little_box, uniq_pikel
Temple:   compressed_dpeg_triangle_lava_temple

Skill      XL: |  1  2  3  4  5  6  7  8  9 10 |
---------------+-------------------------------+-----
Spellcasting   | 5 6 7 8 10 11 12 | 12.5
Conjurations   | 2 3 4 5 6 8 9 |  9.3
Dodging        | 3 4 5 |  5.2
Fire Magic     | 1 2 |  2.4
Poison Magic   | 1 2 |  2.1
Air Magic      | 1 |  1.7
Translocations | 2 4 5 6 |  6.5
Hexes          | 3 5 |  5.8
Evocations     | 2 |  2.0
Fighting       | 1 |  1.4
Stealth        | |  2.4
Summonings     | |  1.1

Action                   |  1- 3 |  4- 6 |  7- 9 | 10-12 || total
-------------------------+-------+-------+-------+-------++-------
Melee: Dagger            |       |       |     4 |       ||     4
 Cast: Magic Dart        |   112 |   150 |   292 |   155 ||   709
       Conjure Flame     |       |     5 |    27 |    13 ||    45
       Mephitic Cloud    |       |     4 |     8 |     8 ||    20
       Gell's Gravitas   |       |       |    15 |     4 ||    19
       Blink             |       |       |    12 |     4 ||    16
       Teleport Other    |       |       |     3 |     1 ||     4
       Fulminant Prism   |       |       |    18 |     4 ||    22
Evoke: Wand              |       |       |    35 |       ||    35
  Use: Scroll            |       |       |     6 |       ||     6
Armor: Robe              |     5 |     6 |    58 |     3 ||    72
Dodge: Dodged            |    13 |    11 |   140 |    19 ||   183
